 Dungeon Crawl Stone Soup version 0.27.1 (webtiles) character file.

Game seed: 5166859300018898341

174 Malachi the Chopper (level 5, -1/47 HPs)
             Began as a Hill Orc Fighter on Sept 1, 2021.
             Slain by a gnoll (6 damage)
             ... on level 3 of the Dungeon.
             The game lasted 00:03:09 (3288 turns).

Malachi the Chopper (Hill Orc Fighter)              Turns: 3288, Time: 00:03:09

Health: -1/47      AC:  7    Str: 20    XL:     5   Next: 54%
Magic:  5/5        EV:  7    Int:  8    God:
Gold:   137        SH:  9    Dex: 10    Spells: 4/4 levels left

rFire    . . .     SeeInvis .   a - +0 war axe
rCold    . . .     Faith    .   c - +0 kite shield
rNeg     . . .     Spirit   .   b - +0 scale mail
rPois    .         Reflect  .   (no helmet)
rElec    .         Harm     .   (no cloak)
rCorr    .         Rampage  .   (no gloves)
Will     .....                  (no boots)
Stlth    ..........             h - amulet of magic regeneration
HPRegen  0.15/turn              (no ring)
MPRegen  0.34/turn              (no ring)

@: no status effects
A: no striking features
a: no special abilities


You were on level 3 of the Dungeon.
You visited 1 branch of the dungeon, and saw 3 of its levels.

You collected 137 gold pieces.

Inventory:

Hand Weapons
 a - a +0 war axe (weapon)
Armour
 b - a +0 scale mail (worn)
 c - a +0 kite shield (worn)
Jewellery
 h - an amulet of magic regeneration (around neck)
Scrolls
 e - a scroll of blinking {unknown}
 g - a scroll of silence {unknown}
 i - 2 scrolls of identify {unknown}
Potions
 d - a potion of invisibility {unknown}
 f - a potion of brilliance {unknown}
 j - 2 potions of lignification {unknown}


   Skills:
 + Level 4.6 Fighting
 * Level 4.9 Axes
 + Level 4.1 Armour
 + Level 4.3 Shields


You had 4 spell levels left.
You didn't know any spells.
Your spell library contained the following spells:

 Spells                   Type           Power      Damage    Failure   Level
 Magic Dart               Conj           0%         1d3       99%         1
 Call Imp                 Summ           0%         N/A       100%        2
 Corpse Rot               Necr/Air       N/A        N/A       100%        2
 Ensorcelled Hibernation  Hex/Ice        0%         N/A       100%        2
 Poisonous Vapours        Pois/Air       0%         N/A       100%        2
 Frozen Ramparts          Ice            0%         1d2       100%        3
 Mephitic Cloud           Conj/Pois/Air  0%         N/A       100%        3
 Spider Form              Tmut/Pois      0%         N/A       100%        3
 Ice Form                 Ice/Tmut       0%         N/A       100%        4
 Summon Ice Beast         Ice/Summ       0%         N/A       100%        4
 Freezing Cloud           Conj/Ice/Air   0%         6-21      100%        5
 Shadow Creatures         Summ           N/A        N/A       100%        6


Dungeon Overview and Level Annotations

Branches:
Dungeon (3/15)

Altars:
Ashenzari
Elyvilon


Message History

You hit the gnoll but do no damage.
The gnoll is heavily wounded.
You hit the gnoll. You block the gnoll's attack. The gnoll closely misses you.
The gnoll barely misses you.
You slash the gnoll!
You kill the gnoll!
Your shield and scale mail prevent you from hitting the gnoll.
The gnoll hits you with a +0 flail.
You closely miss the gnoll.
The gnoll is heavily wounded.
The gnoll hits you but does no damage. You block the gnoll's attack.
Your shield prevents you from hitting the gnoll.
The gnoll is moderately wounded.
The gnoll hits you but does no damage.
You barely miss the gnoll.
The gnoll is moderately wounded.
The gnoll hits you with a +0 flail. The gnoll hits you with a +0 flail!
You are too injured to fight recklessly!
You are too injured to fight recklessly!
You are too injured to fight recklessly!
You are too injured to fight recklessly!
You are too injured to fight recklessly!
You hit the gnoll but do no damage.
The gnoll is moderately wounded.
The gnoll hits you with a +0 flail.
You closely miss the gnoll.
The gnoll is moderately wounded.
The gnoll hits you with a +0 flail.
* * * LOW HITPOINT WARNING * * *
The gnoll hits you with a +0 flail!
* * * LOW HITPOINT WARNING * * *
You hit the gnoll.
The gnoll is severely wounded.
The gnoll hits you but does no damage.
You hit the gnoll.
The gnoll is almost dead.
The gnoll hits you with a +0 flail.
* * * LOW HITPOINT WARNING * * *
The gnoll hits you with a +0 flail.
You die...

#######...#.#.####.#
.....##...#.#.####.#
####......#......#.#
..###....>###.##.#.###
.....................#
..#....#.######....#.#
...................#.#
..#.......#####)##.#.#
...............g@..#.#
###.####..##########.#
#.....##...........#.#
.......#..########.#.#
.......#..# #.#.#
.)._......# #.#.#
.......#..# #.#.#
.......#..# #.#.#
#.....##..# #.#.#


You could see a gnoll.

Vanquished Creatures
  The ghost of elbjorno the Digger, a weakling GrEE (D:3)
  An orc wizard (D:3)
  2 gnolls
  3 adders (D:3)
  A worm (D:2)
  A dart slug (D:1)
  4 orcs (D:3)
  8 endoplasms
  A giant cockroach (D:3)
  5 goblins
  8 hobgoblins
  4 jackals
  4 kobolds
  3 quokkas (D:1)
  3 ball pythons
  2 bats (D:1)
  2 frilled lizards
  6 rats
59 creatures vanquished.

Vanquished Creatures (others)
  A fungus (D:2)
  2 plants (D:2)
3 creatures vanquished.

Grand Total: 62 creatures vanquished

Notes
Turn   | Place    | Note
-------+----------+-------------------------------------------
     0 | D:1      | Malachi the Hill Orc Fighter began the quest for the Orb.
     0 | D:1      | Reached XP level 1. HP: 19/19 MP: 1/1
   126 | D:1      | Reached XP level 2. HP: 20/27 MP: 2/2
   248 | D:1      | Reached XP level 3. HP: 30/33 MP: 3/3
  1881 | D:3      | Reached XP level 4. HP: 40/40 MP: 4/4
  1927 | D:3      | Found a runed translucent door.
  1927 | D:3      | Noticed elbjorno's ghost (weakling GrEE)
  1940 | D:3      | Killed elbjorno's ghost
  2159 | D:3      | Found a white marble altar of Elyvilon.
  2351 | D:3      | Found a broken altar of Ashenzari.
  2390 | D:3      | Reached XP level 5. HP: 44/47 MP: 5/5
  3288 | D:3      | Slain by a gnoll

Illustrated notes

Levels and vault maps discovered:
D:1:      psy_arrival_fountain, layout_rooms, minmay_tromino_v4_c
D:2:      layout_basic, shapermc_ecumenical_altar_mp_urbaneastern
D:3:      layout_basic, cheibrodos_ashenzari_chains, old_standard_altar,
          hellmonk_ghost_happy_afterlife

Skill      XL: |  1  2  3  4  5 |
---------------+----------------+-----
Axes           | 3 4 |  4.9
Fighting       | 4 |  4.6
Shields        | 4 |  4.3
Armour         | 4 |  4.1

Action                   |  1- 3 |  4- 6 || total
-------------------------+-------+-------++-------
Melee: War axe           |   104 |    85 ||   189
  Use: Potion            |       |     1 ||     1
Armor: Scale mail        |    70 |    37 ||   107
Dodge: Dodged            |    30 |    26 ||    56
Block: Kite shield       |    52 |    43 ||    95
